 Dungeon Crawl Stone Soup version 0.30-a0-743-gbfdf073431 (webtiles) character file.

Game seed: 3975278948707646973

54 Chaicat the Shield-Bearer (level 3, -3/33 HPs)
             Began as a Minotaur Fighter on Feb 7, 2023.
             Killed from afar by Ijyb (16 damage)
             ... with a bolt of dispelling energy
             ... on level 3 of the Dungeon.
             The game lasted 00:02:15 (1497 turns).

Chaicat the Shield-Bearer (Minotaur Fighter)        Turns: 1497, Time: 00:02:16

Health: -3/33      AC: 14    Str: 22    XL:     3   Next: 66%
Magic:  2/2        EV: 11    Int:  5    God:
Gold:   121        SH:  4    Dex:  9    Spells: 2/2 levels left

rFire   . . .      SeeInvis .    a - +0 war axe
rCold   . . .      Faith    .    c - +0 buckler
rNeg    . . .      Spirit   .    i - +0 plate armour
rPois   .          Reflect  .    (helmet restricted)
rElec   .          Harm     .    (no cloak)
rCorr   .          Rampage  .    e - +0 pair of gloves
Will    .....                    j - +0 pair of boots Stlth
                                 (no amulet)
HPRegen 0.25/turn                g - +5 ring of evasion
MPRegen 0.08/turn                (no ring)

@: no status effects
A: horns 2, retaliatory headbutt
a: no special abilities


You were on level 3 of the Dungeon.
You visited 1 branch of the dungeon, and saw 3 of its levels.

You collected 121 gold pieces.

Inventory:

Hand Weapons
 a - a +0 war axe (weapon)
Missiles
 b - 2 throwing nets (quivered)
Armour
 c - a +0 buckler (worn)
 e - a +0 pair of gloves (worn)
 i - a +0 plate armour (worn)
 j - a +0 pair of boots (worn)
Jewellery
 g - a +5 ring of evasion (left hand)
Potions
 d - a potion of might
 f - a potion of haste
 h - a potion of degeneration {unknown}
 l - a potion of curing {unknown}


   Skills:
 + Level 4.2 Fighting
 + Level 3.2 Axes
 + Level 4.2 Armour
 + Level 4.2 Shields


You had 2 spell levels left.
You didn't know any spells.
Your spell library contained the following spells:

 Spells                   Type           Power      Damage    Failure   Level
 Cigotuvi's Dreadful Rot  Necr/Pois/Air  0%         N/A       100%        2
 Lesser Beckoning         Tloc           0%         N/A       100%        2
 Gell's Gravitas          Tloc           0%         N/A       100%        3
 Teleport Other           Tloc           0%         N/A       100%        3
 Dispel Undead            Necr           0%         3d6       100%        4
 Death Channel            Necr           0%         N/A       100%        6


Dungeon Overview and Level Annotations

Branches:
Dungeon (3/15)

Altars:

Shops:
D:2 (

Annotations:
D:3 Ijyb


Innate Abilities, Weirdness & Mutations

You have a pair of horns on your head.
You reflexively headbutt those who attack you in melee.


Message History

Found 2 throwing nets.
b - 2 throwing nets An orc and a hobgoblin come into view.
The orc shouts!
The hobgoblin shouts!
There are monsters nearby!
A bat comes into view.
You block the bat's attack. The orc hits you with a +0 club.
You barely miss the orc. You completely miss the bat.
The bat barely misses you. The orc hits you with a +0 club.
You block the bat's attack.
You slash the orc!
You kill the orc!
You slash the bat!
You kill the bat!
You hit the hobgoblin.
You kill the hobgoblin!
No target in view!
No target in view!
You feel your willpower return.
HP restored.
Found a stone staircase leading down.
Found 5 stones.
Ijyb the Twisted Goblin comes into view.
She is wielding a +4 dagger of speed and carrying a wand of quicksilver (11).
Ijyb shouts!
Ijyb screams, "Get away!"
Ijyb zaps a wand.
The bolt of dispelling energy hits you!
Found a scroll labelled NUUDGHE CEGI.
You block Ijyb's attack.
You hit Ijyb. Your headbutt misses Ijyb.
Ijyb is lightly wounded.
Ijyb screams, "Me kill you!"
Ijyb zaps a wand.
The bolt of dispelling energy hits you!
You are too injured to fight recklessly!
You are too injured to fight recklessly!
You are too injured to fight recklessly!
You are too injured to fight recklessly!
You hit Ijyb but do no damage. Your headbutt misses Ijyb.
Ijyb is lightly wounded.
Ijyb zaps a wand.
The bolt of dispelling energy hits you!
You die...

.... ...##.##...#
#.## #..##......# #.
#..##>#....####
#..##..........
######..##.#.###.##.
.(...........# #
#.#####.######
#.#####.######
#..g@..........
.?.........#######
############


You could see Ijyb.

Vanquished Creatures
  A gnoll (D:1)
  An adder (D:2)
  A worm (D:2)
  A dart slug (D:2)
  An orc (D:3)
  3 endoplasms
  2 giant cockroaches (D:2)
  3 goblins
  5 hobgoblins
  2 quokkas
  A ball python (D:2)
  3 bats
  2 frilled lizards
  3 kobolds (D:1)
29 creatures vanquished.

Notes
Turn   | Place    | Note
-------+----------+-------------------------------------------
     0 | D:1      | Chaicat the Minotaur Fighter began the quest for the Orb.
     0 | D:1      | Reached XP level 1. HP: 19/19 MP: 0/0
   279 | D:1      | Reached XP level 2. HP: 24/27 MP: 1/1
   968 | D:2      | Reached XP level 3. HP: 33/33 MP: 2/2
  1178 | D:2      | Found Xesimeib's Weapon Shop.
  1492 | D:3      | Noticed Ijyb
  1497 | D:3      | Killed from afar by Ijyb

Illustrated notes

Levels and vault maps discovered:
D:1:      dpeg_arrival_lava_temple_mockup, layout_basic, st_stairs_3,
          hangedman_glass_teeth, chequers_decorated_corner, minivault_4,
          minmay_misc_feat_columns
D:2:      layout_rooms, serial_shops, nicolae_shop_bloodbath_and_beyond,
          minmay_tripent
D:3:      layout_loops_ring, tso_metal_star, grunt_ministairs_1,
          grunt_decor_fettered, minmay_misc_feat_enclosed, uniq_ijyb

Skill      XL: |  1  2 |
---------------+-------+-----
Armour         | 4 |  4.2
Shields        | 4 |  4.2
Fighting       | 4 |  4.2
Axes           | 3 |  3.2

Action                     || total
---------------------------++-------
  Melee: War axe           ||    44
         Headbutt          ||     9
    Use: Scroll            ||     8
 Armour: Scale mail        ||    17
         Plate armour      ||     8
  Dodge: Dodged            ||     9
  Block: Buckler           ||    14

Table legend: (Time is in decaauts)
 A = Elapsed time spent in this place.
 B = Non-inter-level travel time spent in this place.
 C = Inter-level travel time spent in this place.
 D = Time resting spent in this place.
 E = Time spent auto-exploring this place.
 F = Levels seen in this place.
 G = Mean time per level.
                   A        B        C        D        E       F      G
               +--------+--------+--------+--------+--------+-----+--------+
         Total |   1514 |   1460 |     54 |    100 |   1143 |   3 |  504.7 |
       Dungeon |   1514 |   1460 |     54 |    100 |   1143 |   3 |  504.7 |
               +--------+--------+--------+--------+--------+-----+--------+

Top non-repeatable levels by time:
     D:1: 838 daAuts
     D:2: 514 daAuts
     D:3: 162 daAuts
